3AA
SAN ANTONIO BC @ YAKIMA HOPS
08/29/2031
 
TOP OF THE 1ST
San Antonio BC batting - Pitching for Yakima Hops : LHP Octávio Rodríguez
Pitching: LHP Octávio Rodríguez
Batting: RHB Alfonso Torres 0-0: Ball
1-0: Ground out 4-3 (Groundball, 4S)
Batting: RHB Renato Lavado 0-0: Fly out, F8 (Flyball, 89M)
Now in LF: Tom Woolever
Batting: SHB Toby Sutton 0-0: Ball
1-0: Ground out 3-1 (Groundball, 34)
Top of the 1st over - 0 runs, 0 hits, 0 errors, 0 left on base; San Antonio 0 - Yakima 0
BOTTOM OF THE 1ST
Yakima Hops batting - Pitching for San Antonio BC : RHP Wop Baars
Pitching: RHP Wop Baars
Batting: LHB Jesús Trevino 0-0: Foul Ball, location: 2F
0-1: Ball
1-1: Ball
2-1: Ball
3-1: Foul Ball, location: 2F
3-2: Ground out 4-3 (Groundball, 4)
Batting: RHB Tom Woolever 0-0: Ball
1-0: Ball
2-0: Called Strike
2-1: Foul Ball, location: 2F
2-2: SINGLE (Flyball, 8RS)
Batting: LHB Ieyoshi Samurakami 0-0: Fly out, F7 (Flyball, 7LM)
Batting: RHB Cristián Coronado 0-0: Ball
1-0: Ground out 4-3 (Groundball, 4)
Bottom of the 1st over - 0 runs, 1 hit, 0 errors, 1 left on base; San Antonio 0 - Yakima 0
TOP OF THE 2ND
San Antonio BC batting - Pitching for Yakima Hops : LHP Octávio Rodríguez
Batting: RHB Chet Mathis 0-0: Called Strike
0-1: Fly out, F7 (Line Drive, 7)
Batting: RHB José Perea 0-0: Ball
1-0: Called Strike
1-1: Swinging Strike
1-2: Strikes out swinging
Batting: RHB Tyler Utterback 0-0: Ball
1-0: Foul Ball, location: 2F
1-1: Foul Ball, location: 2F
1-2: Ball
2-2: Ball
3-2: Strikes out swinging
Top of the 2nd over - 0 runs, 0 hits, 0 errors, 0 left on base; San Antonio 0 - Yakima 0
BOTTOM OF THE 2ND
Yakima Hops batting - Pitching for San Antonio BC : RHP Wop Baars
Batting: RHB Jud Regan 0-0: Ball
1-0: Ball
2-0: Called Strike
2-1: Called Strike
2-2: Foul Ball, location: 2F
2-2: SINGLE (Groundball, 34S) (infield hit)
Batting: RHB Bob Houghton 0-0: Fly out, F7 (Line Drive, 7)
Batting: RHB Joaquín Lara 0-0: Ground out 6-3 (Groundball, 6MS)
Jud Regan to second
Batting: LHB Jesús De Jesús 0-0: Called Strike
0-1: Ball
1-1: Foul Ball, location: 2F
1-2: Strikes out looking
Bottom of the 2nd over - 0 runs, 1 hit, 0 errors, 1 left on base; San Antonio 0 - Yakima 0
TOP OF THE 3RD
San Antonio BC batting - Pitching for Yakima Hops : LHP Octávio Rodríguez
Batting: RHB Ben Hampton 0-0: Swinging Strike
0-1: Ball
1-1: Ground out 5-3 (Groundball, 5)
Batting: LHB Pablo Morales 0-0: Foul Ball, location: 2F
0-1: Called Strike
0-2: Ground out 6-3 (Groundball, 6M)
Batting: LHB Sidney Dollarhide 0-0: Ball
1-0: Ball
2-0: Called Strike
2-1: Swinging Strike
2-2: Ball
3-2: Base on Balls
Batting: RHB Alfonso Torres 0-0: Foul Ball, location: 2F
0-1: Ball
1-1: Ball
2-1: Ball
3-1: Called Strike
3-2: Foul Ball, location: 2F
3-2: Base on Balls
Sidney Dollarhide to second
Batting: RHB Renato Lavado 0-0: Ball
1-0: Ball
2-0: Ball
3-0: Called Strike
3-1: Base on Balls
Sidney Dollarhide to third
Alfonso Torres to second
Batting: SHB Toby Sutton 0-0: Called Strike
0-1: Foul Ball, location: 2F
0-2: Foul Ball, location: 2F
0-2: SINGLE (Flyball, 7S)
Sidney Dollarhide scores
Alfonso Torres to third
Renato Lavado to second
Runner from 3rd tries for Home, SAFE, no throw
Batting: RHB Chet Mathis 0-0: Ball
1-0: Ball
2-0: Called Strike
2-1: Ball
3-1: Swinging Strike
3-2: Foul Ball, location: 2F
3-2: Foul Ball, location: 2F
3-2: Foul Ball, location: 2F
3-2: Ground out U3 (Groundball, 3)
Top of the 3rd over - 2 runs, 1 hit, 0 errors, 2 left on base; San Antonio 2 - Yakima 0
BOTTOM OF THE 3RD
Yakima Hops batting - Pitching for San Antonio BC : RHP Wop Baars
Batting: RHB Javier Carretero 0-0: Called Strike
0-1: Ball
1-1: Called Strike
1-2: Foul Ball, location: 2F
1-2: Foul Ball, location: 2F
1-2: Fly out, F8 (Flyball, 8RM)
Batting: LHB Jesús Trevino 0-0: Swinging Strike
0-1: Called Strike
0-2: Foul Ball, location: 2F
0-2: Ball
1-2: Foul Ball, location: 2F
1-2: Ball
2-2: Ball
3-2: Strikes out swinging
Batting: RHB Tom Woolever 0-0: Ball
1-0: Ball
2-0: Foul Ball, location: 2F
2-1: Ground out 6-3 (Groundball, 56)
Bottom of the 3rd over - 0 runs, 0 hits, 0 errors, 0 left on base; San Antonio 2 - Yakima 0
TOP OF THE 4TH
San Antonio BC batting - Pitching for Yakima Hops : LHP Octávio Rodríguez
Batting: RHB José Perea 0-0: Called Strike
0-1: Called Strike
0-2: Strikes out swinging
Batting: RHB Tyler Utterback 0-0: Called Strike
0-1: Called Strike
0-2: Ball
1-2: Foul Ball, location: 2F
1-2: Ball
2-2: Foul Ball, location: 2F
2-2: SINGLE (Line Drive, 6MD)
Batting: RHB Ben Hampton 0-0: Ball
1-0: Called Strike
1-1: Called Strike
1-2: Ball
2-2: Strikes out swinging
Batting: LHB Pablo Morales 0-0: Ball
1-0: Ball
2-0: Foul Ball, location: 2F
2-1: Fielders Choice at 2nd, U6 (Groundball, 6M)
Top of the 4th over - 0 runs, 1 hit, 0 errors, 1 left on base; San Antonio 2 - Yakima 0
BOTTOM OF THE 4TH
Yakima Hops batting - Pitching for San Antonio BC : RHP Wop Baars
Batting: LHB Ieyoshi Samurakami 0-0: Ball
1-0: Ball
2-0: Fly out, F8 (Line Drive, 8LM)
Batting: RHB Cristián Coronado 0-0: Ball
1-0: Called Strike
1-1: Ground out 6-3 (Groundball, 56)
Batting: RHB Jud Regan 0-0: Ball
1-0: Ball
2-0: Ball
3-0: Called Strike
3-1: Foul Ball, location: 2F
3-2: SOLO HOME RUN (Flyball, 7D), Distance : 394 ft
Batting: RHB Bob Houghton 0-0: Ball
1-0: Ball
2-0: Called Strike
2-1: SINGLE (Line Drive, 56)
Batting: RHB Joaquín Lara 0-0: Ball
1-0: Ball
2-0: Ball
3-0: Called Strike
3-1: Foul Ball, location: 2F
3-2: Foul Ball, location: 2F
3-2: Foul Ball, location: 2F
3-2: Strikes out swinging
Bottom of the 4th over - 1 run, 2 hits, 0 errors, 1 left on base; San Antonio 2 - Yakima 1
TOP OF THE 5TH
San Antonio BC batting - Pitching for Yakima Hops : LHP Octávio Rodríguez
Batting: LHB Sidney Dollarhide 0-0: Foul Ball, location: 2F
0-1: Ball
1-1: Foul Ball, location: 2F
1-2: Ball
2-2: Ball
3-2: Strikes out looking
Batting: RHB Alfonso Torres 0-0: Called Strike
0-1: Foul Ball, location: 2F
0-2: Strikes out swinging
Batting: RHB Renato Lavado 0-0: Called Strike
0-1: Swinging Strike
0-2: Ground out U3 (Groundball, 3)
Top of the 5th over - 0 runs, 0 hits, 0 errors, 0 left on base; San Antonio 2 - Yakima 1
BOTTOM OF THE 5TH
Yakima Hops batting - Pitching for San Antonio BC : RHP Wop Baars
Batting: LHB Jesús De Jesús 0-0: Called Strike
0-1: Foul Ball, location: 2F
0-2: Foul Ball, location: 2F
0-2: Foul Ball, location: 2F
0-2: Ground out 4-3 (Groundball, 34D)
Batting: RHB Javier Carretero 0-0: Called Strike
0-1: Ball
1-1: Swinging Strike
1-2: Foul Ball, location: 2F
1-2: Ball
2-2: Ground out 4-3 (Groundball, 4)
Batting: LHB Jesús Trevino 0-0: Called Strike
0-1: Called Strike
0-2: Ball
1-2: Strikes out swinging
Bottom of the 5th over - 0 runs, 0 hits, 0 errors, 0 left on base; San Antonio 2 - Yakima 1
TOP OF THE 6TH
San Antonio BC batting - Pitching for Yakima Hops : LHP Octávio Rodríguez
Batting: SHB Toby Sutton 0-0: Called Strike
0-1: Ball
1-1: Called Strike
1-2: Ball
2-2: Ball
3-2: Foul Ball, location: 2F
3-2: Base on Balls
Pitching: LHP John Ashwood
Batting: RHB Chet Mathis 0-0: Swinging Strike
0-1: Swinging Strike
0-2: Foul Ball, location: 2F
0-2: Ball
1-2: Ball
2-2: Strikes out looking
Batting: RHB José Perea 0-0: Called Strike
0-1: Fly out, F8 (Line Drive, 8LM)
Batting: RHB Tyler Utterback 0-0: Ball
1-0: Ground out 6-3 (Groundball, 6S)
Top of the 6th over - 0 runs, 0 hits, 0 errors, 1 left on base; San Antonio 2 - Yakima 1
BOTTOM OF THE 6TH
Yakima Hops batting - Pitching for San Antonio BC : RHP Wop Baars
Batting: RHB Tom Woolever 0-0: Called Strike
0-1: Reached on error, E6 (Groundball, 6S)
Batting: LHB Ieyoshi Samurakami 0-0: Called Strike
0-1: Ball
1-1: Ball
2-1: Swinging Strike
2-2: Foul Ball, location: 2F
2-2: Strikes out looking
Batting: RHB Cristián Coronado 0-0: Called Strike
0-1: Ball
1-1: Ball
2-1: Called Strike
2-2: Foul Ball, location: 2F
2-2: Strikes out swinging
Batting: RHB Jud Regan 0-0: Ball
1-0: Called Strike
1-1: Ball
2-1: Ball
3-1: Foul Ball, location: 2F
3-2: Base on Balls
Batting: RHB Bob Houghton 0-0: Called Strike
0-1: Ball
1-1: Foul Ball, location: 2F
1-2: Ball
2-2: Strikes out swinging
Bottom of the 6th over - 0 runs, 0 hits, 1 error, 2 left on base; San Antonio 2 - Yakima 1
TOP OF THE 7TH
San Antonio BC batting - Pitching for Yakima Hops : LHP John Ashwood
Batting: RHB Ben Hampton 0-0: Ball
1-0: Foul Ball, location: 2F
1-1: Called Strike
1-2: Foul Ball, location: 2F
1-2: Strikes out swinging
Batting: LHB Pablo Morales 0-0: Foul Ball, location: 2F
0-1: Ball
1-1: Ball
2-1: Called Strike
2-2: Ground out 6-3 (Groundball, 6)
Batting: LHB Sidney Dollarhide 0-0: Ball
1-0: Ball
2-0: Called Strike
2-1: Foul Ball, location: 2F
2-2: Fly out, F4 (Line Drive, 4)
Top of the 7th over - 0 runs, 0 hits, 0 errors, 0 left on base; San Antonio 2 - Yakima 1
BOTTOM OF THE 7TH
Yakima Hops batting - Pitching for San Antonio BC : RHP Wop Baars
Batting: RHB Joaquín Lara 0-0: Called Strike
0-1: Fly out, F8 (Flyball, 8LM)
Batting: LHB Jesús De Jesús 0-0: Ball
1-0: Ball
2-0: Ground out U3 (Groundball, 3)
Batting: RHB Javier Carretero 0-0: Ball
1-0: Foul Ball, location: 2F
1-1: Ball
2-1: Ground out 5-3 (Groundball, 56S)
Bottom of the 7th over - 0 runs, 0 hits, 0 errors, 0 left on base; San Antonio 2 - Yakima 1
TOP OF THE 8TH
San Antonio BC batting - Pitching for Yakima Hops : LHP John Ashwood
Batting: RHB Alfonso Torres 0-0: Swinging Strike
0-1: Fly out, F9 (Flyball, 9S)
Batting: RHB Renato Lavado 0-0: Ball
1-0: Called Strike
1-1: Ball
2-1: Ground out U3 (Groundball, 34)
Batting: SHB Toby Sutton 0-0: Ball
1-0: Fly out, F8 (Flyball, 78D)
Top of the 8th over - 0 runs, 0 hits, 0 errors, 0 left on base; San Antonio 2 - Yakima 1
BOTTOM OF THE 8TH
Yakima Hops batting - Pitching for San Antonio BC : RHP Wop Baars
Pitching: LHP Martín Salazar
Batting: LHB Jesús Trevino 0-0: Ball
1-0: Called Strike
1-1: Foul Ball, location: 2F
1-2: Strikes out swinging
Batting: RHB Tom Woolever 0-0: Fly out, F8 (Flyball, 8RM)
Batting: LHB Ieyoshi Samurakami 0-0: Called Strike
0-1: Ball
1-1: Ball
2-1: Ball
3-1: Base on Balls
Batting: RHB Cristián Coronado 0-0: Ground out 6-3 (Groundball, 6S)
Bottom of the 8th over - 0 runs, 0 hits, 0 errors, 1 left on base; San Antonio 2 - Yakima 1
TOP OF THE 9TH
San Antonio BC batting - Pitching for Yakima Hops : LHP John Ashwood
Pitching: RHP Marvin Cahill
Batting: RHB Chet Mathis 0-0: Ball
1-0: Ground out 6-3 (Groundball, 6)
Batting: RHB José Perea 0-0: Called Strike
0-1: Fly out, F7 (Flyball, 7LSF)
Batting: RHB Tyler Utterback 0-0: Fly out, F6 (Popup, 6MD)
Top of the 9th over - 0 runs, 0 hits, 0 errors, 0 left on base; San Antonio 2 - Yakima 1
BOTTOM OF THE 9TH
Yakima Hops batting - Pitching for San Antonio BC : LHP Martín Salazar
Pitching: RHP Pete Venegas
Batting: RHB Jud Regan 0-0: Ball
1-0: Called Strike
1-1: Foul Ball, location: 2F
1-2: Ball
2-2: Foul Ball, location: 2F
2-2: Foul Ball, location: 2F
2-2: Ground out U3 (Groundball, 3)
Pinch Hitting: LHB Bob Maher 0-0: SINGLE (Flyball, 8LS)
Batting: RHB Joaquín Lara 0-0: Ball
1-0: Called Strike
1-1: Fly out, F4 (Popup, 4MS)
Batting: LHB Jesús De Jesús 0-0: Ball
1-0: Fly out, F9 (Flyball, 9LM)
Bottom of the 9th over - 0 runs, 1 hit, 0 errors, 1 left on base; San Antonio 2 - Yakima 1
Tuesday, June 12th, 2018 - OOTP Baseball 18.8 Build 76